 Dungeon Crawl Stone Soup version 0.30-b1-2-g02819fbbbe (webtiles) character file.

Game seed: 3614399367170055975

4999 raph the Geomancer (level 10, -3/56 HPs)
             Began as a Gargoyle Earth Elementalist on Dec 4, 2023.
             Was a Follower of Sif Muna.
             Killed from afar by Erica (18 damage)
             ... with a lance of force
             ... on level 8 of the Dungeon.
             The game lasted 00:13:56 (8473 turns).

raph the Geomancer (Gargoyle Earth Elementalist)    Turns: 8473, Time: 00:13:56

Health: -3/56      AC: 14    Str: 14    XL:     10   Next: 54%
Magic:  4/18       EV: 12    Int: 24    God:    Sif Muna [*.....]
Gold:   403        SH: 10    Dex: 10    Spells: 9/20 levels left

rFire   + . .        f - +3 spear (venom)
rCold   . . .        j - +1 buckler {rF+}
rNeg    + + .        a - +0 robe
rPois   ∞            o - +0 helmet
rElec   +            l - +0 cloak
rCorr   .            x - +2 pair of gloves {Str+3}
SInv    .            (no boots)
Will    .....        m - amulet of Traps {Reflect Int+3 SH+5}
Stlth   ++           g - ring of positive energy
HPRegen 0.29/turn    (no ring)
MPRegen 0.16/turn

%: reflection
@: slowed, very slow
A: sickness immunity, AC +7, negative energy resistance 1, electricity
resistance, torment resistance 1, petrification resistance
a: Renounce Religion, Channel Magic


You were on level 8 of the Dungeon.
You worshipped Sif Muna.
Sif Muna was aware of your devotion.
You visited 2 branches of the dungeon, and saw 9 of its levels.
You also visited: Bailey.

You collected 403 gold pieces.

Inventory:

Hand Weapons
 c - a +0 hand axe
 f - a +3 spear of venom (weapon)
 w - a +0 whip of venom
Missiles
 d - 13 boomerangs
 p - 7 poisoned darts
Armour
 a - a +0 robe (worn)
 j - a +1 buckler of fire resistance (worn)
 l - a +0 cloak (worn)
 o - a +0 helmet (worn)
 x - a +2 pair of gloves of strength (worn)
Jewellery
 g - a ring of positive energy (left hand)
 m - the amulet of Traps (around neck) {Reflect Int+3 SH+5}
   (You acquired it on level 2 of the Dungeon)

   [amulet of reflection]

   It reflects blocked missile attacks.
   Int:       It affects your intelligence (+3).
   SH:        It affects your SH (+5).
 v - a ring of positive energy
Wands
 u - a wand of iceblast (6)
Scrolls
 q - 3 scrolls of amnesia
 s - 3 scrolls of fog
 t - a scroll of teleportation
 y - a scroll of poison
 A - a scroll of fear
Potions
 b - 2 potions of magic
 e - 2 potions of curing
 h - 4 potions of brilliance
 i - 2 potions of mutation
 k - 5 potions of might
 n - a potion of flight
 r - a potion of attraction
 z - a potion of haste
 C - a potion of berserk rage


   Skills:
 + Level 3.5 Fighting
 + Level 3.3 Dodging
 + Level 3.3 Stealth
 + Level 3.5 Shields
 + Level 5.5 Spellcasting
 * Level 8.7 Conjurations
 - Level 3.0 Transmutations
 * Level 10.8 Earth Magic
 * Level 2.7 Invocations


You had 9 spell levels left.
You knew the following spells:

 Your Spells              Type           Power      Damage    Failure   Level
a - Sandblast             Erth           100%       2d20      1%          1
b - Passwall              Tmut/Erth      32%        N/A       1%          2
c - Stone Arrow           Conj/Erth      100%       3d13      1%          3
d - Petrify               Tmut/Erth      39%        N/A       6%          4
e - Summon Small Mammal   Summ           24%        N/A       11%         1

Your spell library contained the following spells:

 Spells                   Type           Power      Damage    Failure   Level
 Shock                    Conj/Air       100%       1d9       1%          1
 Beastly Appendage        Tmut           42%        N/A       3%          1
 Wereblood                Tmut           21%        N/A       4%          2
 Apportation              Tloc           12%        N/A       11%         1
 Necrotise                Necr           24%        1d5       11%         1
 Spider Form              Tmut/Pois      13%        N/A       19%         3
 Swiftness                Air            6%         N/A       32%         3
 Airstrike                Air            3%         2d(1-17)  73%         4
 Dispel Undead            Necr           6%         3d8       73%         4
 Death Channel            Necr           3%         N/A       100%        6
 Cigotuvi's Dreadful Rot  Necr/Pois/Air  Unusable   N/A       N/A         2

Dungeon Overview and Level Annotations

Branches:
Dungeon (8/15)             Temple (1/1) D:6          Bailey (visited)
   Lair: D:8-11

Altars:
Ashenzari
Cheibriados
Dithmenos
Fedhas
Gozag
Hepliaklqana
Kikubaaqudgha
Makhleb
Nemelex Xobeh
Okawaru
Qazlal
Ru
Sif Muna
Trog
Uskayaw
Vehumet
Wu Jian
Xom
Yredelemnul
Zin
The Shining One

Annotations:
D:8 Erica


Innate Abilities, Weirdness & Mutations

You are immune to sickness and miasma.
Your stone body is resilient. (AC +7)
You are immune to poison.
You resist negative energy. (rN+)
You are resistant to electric shocks. (rElec)
You are resistant to unholy torment.
You are immune to petrification.


Message History

Reach: f) +3 spear (venom)
Press: ? - help, Dir - move target You hit something but do no damage.
Something hits you! Something burns you.
Aiming: Sandblast (safe; 1% risk of failure)
Press: ? - help, Q - select action, (/) - cycle Shift-Dir - straight line The blast of sand hits something!!
Something barely misses you. Something hits you! Something burns you.
Casting: Sandblast (safe; 1% risk of failure)
Confirm with . or Enter, or press ? or * to list all spells.
You can't see any susceptible monsters within range! (Use Z to cast anyway.) Unknown command.
You hit something.
You hear some strange, mumbled words.
You feel yourself slow down.
Casting: Sandblast (safe; 1% risk of failure)
Confirm with . or Enter, or press ? or * to list all spells.
You can't see any susceptible monsters within range! (Use Z to cast anyway.)
You barely miss something. Something hits you!
* * * LOW HITPOINT WARNING * * *
Something burns you.
* * * LOW HITPOINT WARNING * * *
Something hits you.
* * * LOW HITPOINT WARNING * * *
Something burns you.
* * * LOW HITPOINT WARNING * * *
You feel better.
You hear some strange, mumbled words.
You feel as though you will be slow longer.
Aiming: Sandblast (safe; 1% risk of failure)
Press: ? - help, Q - select action, (/) - cycle Shift-Dir - straight line Something hits you but does no damage. x2
Casting: Sandblast (safe; 1% risk of failure)
Confirm with . or Enter, or press ? or * to list all spells.
Aiming: Stone Arrow (safe; 1% risk of failure)
Press: ? - help, Shift-Dir - straight line The stone arrow hits something!
You hear some strange, mumbled words.
A lance of force appears from out of thin air!
The lance of force hits you!!
You die...

#.......#.#
.##.......#.#
.........##.#
.........##)#
.........##.#####..
.........'.........
.........##.#..###.
.........##.#..#
#######@###.# .# ..
#{# #.# ## #.###.#
#.# #.#...# #.#
.###....## #+##
........# ...
........# ....
........# .....
#..#....#......


There were no monsters in sight!

Vanquished Creatures
  An orc knight (Bailey)
  Pikel (D:7)
  Prince Ribbit (D:5)
  Sigmund (D:5)
  Eustachio (D:4)
  6 yaks
  2 wyverns (D:7)
  A steam dragon (D:6)
  Duvessa (D:4)
  A water moccasin (D:7)
  2 black bears (D:6)
  An orc warrior (D:7)
  A sky beast (D:6)
  2 ogres (D:5)
  A centaur (D:7)
  3 phantoms
  A kobold brigand (D:6)
  A gnoll sergeant (D:6)
  5 scorpions
  Dowan (D:4)
  A howler monkey (D:7)
  3 orc priests
  2 hounds
  4 iguanas
  A sleepcap (D:5)
  Jessica (D:3)
  Natasha (thrice) (D:4)
  4 orc wizards
  10 gnolls
  6 adders
  3 white imps
  An ufetubus (D:6)
  A worm (D:2)
  16 orcs
  8 bats
  5 endoplasms
  2 giant cockroaches (D:1)
  20 goblins
  6 hobgoblins
  8 jackals
  2 quokkas
  7 ball pythons
  4 frilled lizards
  10 kobolds
  5 rats
167 creatures vanquished.

Vanquished Creatures (others)
  A kobold (D:6)
1 creature vanquished.

Grand Total: 168 creatures vanquished

Notes
Turn   | Place    | Note
-------+----------+-------------------------------------------
     0 | D:1      | raph the Gargoyle Earth Elementalist began the quest for
                  | the Orb.
     0 | D:1      | Reached XP level 1. HP: 10/10 MP: 3/3
    94 | D:1      | Reached skill level 4 in Earth Magic
   145 | D:1      | Reached XP level 2. HP: 12/15 MP: 1/5
   446 | D:1      | Learned a level 2 spell: Passwall
   485 | D:1      | Reached XP level 3. HP: 19/19 MP: 3/6
   489 | D:1      | Learned a level 3 spell: Stone Arrow
   520 | D:1      | Reached skill level 5 in Earth Magic
   962 | D:2      | Identified 2 scrolls of acquirement
   962 | D:2      | Acquired a +1 buckler of fire resistance
   972 | D:2      | Acquired the amulet of Traps {Reflect Int+3 SH+5}
  1043 | D:2      | Reached skill level 1 in Conjurations
  1537 | D:3      | Reached XP level 4. HP: 24/24 MP: 5/7
  1986 | D:3      | Noticed Jessica
  2000 | D:3      | Killed Jessica
  2001 | D:3      | Reached skill level 1 in Transmutations
  2277 | D:3      | Reached XP level 5. HP: 28/28 MP: 4/8
  2522 | D:4      | Noticed Duvessa
  2522 | D:4      | Noticed Dowan
  2524 | D:4      | Killed Duvessa
  2525 | D:4      | Reached skill level 6 in Earth Magic
  2527 | D:4      | Killed Dowan
  2528 | D:4      | Reached XP level 6. HP: 31/32 MP: 3/10
  2683 | D:4      | Learned a level 4 spell: Petrify
  2930 | D:4      | Found a shimmering altar of Xom.
  2989 | D:4      | Noticed Natasha
  2993 | D:4      | Killed Natasha
  3155 | D:4      | Found a basalt altar of Yredelemnul.
  3156 | D:4      | Found a shadowy altar of Dithmenos.
  3156 | D:4      | Found an ancient bone altar of Kikubaaqudgha.
  3160 | D:4      | Found a stormy altar of Qazlal.
  3160 | D:4      | Found a sparkling altar of Nemelex Xobeh.
  3161 | D:4      | Found a hide-covered altar of Uskayaw.
  3173 | D:4      | Reached XP level 7. HP: 36/36 MP: 3/11
  3181 | D:4      | Reached skill level 7 in Earth Magic
  3437 | D:4      | Noticed Natasha
  3450 | D:4      | Killed Natasha
  3591 | D:4      | Noticed Eustachio
  3612 | D:4      | Killed Eustachio
  3613 | D:4      | Reached skill level 5 in Conjurations
  3691 | D:4      | Noticed Natasha
  3694 | D:4      | Killed Natasha
  3779 | D:5      | Entered Level 5 of the Dungeon
  3784 | D:5      | Reached skill level 8 in Earth Magic
  3784 | D:5      | Reached XP level 8. HP: 41/41 MP: 3/13
  3882 | D:5      | Noticed Prince Ribbit
  3886 | D:5      | Learned a level 1 spell: Summon Small Mammal
  3891 | D:5      | Killed Prince Ribbit
  4309 | D:5      | Noticed Sigmund
  4316 | D:5      | Killed Sigmund
  4317 | D:5      | Reached skill level 9 in Earth Magic
  4996 | D:6      | Reached XP level 9. HP: 43/46 MP: 3/15
  5158 | D:6      | Reached skill level 1 in Shields
  5161 | D:6      | Reached skill level 1 in Fighting
  6088 | D:6      | Reached skill level 5 in Spellcasting
  6215 | D:6      | Reached skill level 10 in Earth Magic
  6238 | D:6      | Found a staircase to the Ecumenical Temple.
  6244 | Temple   | Entered the Ecumenical Temple
  6364 | Temple   | Became a worshipper of Sif Muna the Loreminder
  7033 | D:7      | Found a flagged portal.
  7048 | Bailey   | Entered a bailey
  7366 | Bailey   | Noticed an orc knight
  7397 | Bailey   | Reached * piety under Sif Muna
  7415 | Bailey   | Killed an orc knight
  7416 | Bailey   | Reached skill level 1 in Invocations
  7416 | Bailey   | Reached XP level 10. HP: 19/56 MP: 10/17
  7884 | D:7      | Noticed Pikel
  7911 | D:7      | Killed Pikel
  8047 | D:7      | Acquired a +2 pair of gloves of strength
  8372 | D:7      | Found a radiant altar of Vehumet.
  8372 | D:7      | Found a glowing silver altar of Zin.
  8372 | D:7      | Found an iron altar of Okawaru.
  8436 | D:8      | Found an opulent altar of Gozag.
  8443 | D:8      | Noticed Erica
  8473 | D:8      | Killed from afar by Erica

Illustrated notes

Levels and vault maps discovered:
D:1:      eino_arrival_water_star, layout_rooms
D:2:      layout_basic
D:3:      layout_loops_ring, minmay_misc_feat_pillars, uniq_jessica
D:4:      layout_loops_cross, kennysheep_mini, grunt_temple_overflow_open,
          uniq_duvessa, uniq_natasha, uniq_eustachio
D:5:      layout_gridville, uniq_sigmund, uniq_prince_ribbit1
D:6:      layout_basic, minmay_temple_entry_enclosed_plants
D:7:      layout_cave_pools, gammafunk_temple_overflow_claw, enter_bailey_5,
          uniq_pikel
D:8:      layout_basic, nicolae_elyvilon_peaceful_grove,
          nicolae_gozag_seed_capital, serial_shops, kennysheep_mini_moat,
          uniq_erica, uniq_maurice, uniq_amaemon
Temple:   nicolae_temple_two_arcs

Skill      XL: |  1  2  3  4  5  6  7  8  9 10 |
---------------+-------------------------------+-----
Earth Magic    | 4 5 6 8 9 10 | 10.8
Conjurations   | 1 2 3 4 5 7 8 |  8.7
Transmutations | 1 3 |  3.0
Spellcasting   | 3 4 5 |  5.5
Shields        | 3 |  3.5
Fighting       | 3 |  3.5
Dodging        | 2 3 |  3.3
Invocations    | 1 2 |  2.7
Stealth        | 3 |  3.3

Action                     |  1- 3 |  4- 6 |  7- 9 | 10-12 || total
---------------------------+-------+-------+-------+-------++-------
  Melee: Unarmed           |     1 |       |       |       ||     1
         Spear             |     5 |    11 |    48 |    17 ||    81
   Cast: Sandblast         |    46 |    32 |    82 |    27 ||   187
         Stone Arrow       |       |    18 |    46 |     9 ||    73
         Passwall          |       |       |     1 |       ||     1
         Petrify           |       |       |     8 |     4 ||    12
         Summon Small Mamm |       |       |     1 |       ||     1
  Evoke: Wand              |       |       |     4 |       ||     4
    Use: Scroll            |     9 |     5 |     4 |     3 ||    21
         Potion            |       |       |     2 |     1 ||     3
   Stab: Petrified         |       |       |       |     4 ||     4
         Petrifying        |       |       |       |     2 ||     2
 Armour: Robe              |    14 |    10 |    38 |    20 ||    82
  Dodge: Dodged            |    24 |    16 |    42 |    27 ||   109
  Block: Buckler           |     1 |    12 |    60 |    41 ||   114
         Reflection        |       |       |     3 |       ||     3
